 Dungeon Crawl Stone Soup version 0.20-a0-823-gdec668e (webtiles) character file.

279 Laan the Chopper (level 6, 0/56 HPs)
             Began as a Naga Berserker on Mar 5, 2017.
             Was a Believer of Trog.
             Slain by a worker ant (4 damage)
             ... on level 4 of the Dungeon.
             The game lasted 00:04:11 (3131 turns).

Laan the Chopper (Naga Berserker)                   Turns: 3131, Time: 00:04:12

Health: 0/56       AC:  4    Str: 26    XL:     6   Next: 26%
Magic:  15/15      EV: 10    Int:  7    God:    Trog [**....]
Gold:   180        SH:  0    Dex: 11    Spells: 5/5 levels left

rFire    . . .     SeeInvis +   a - +0 hand axe
rCold    + + .     Gourm    .   z - +1 robe {rC+}
rNeg     . . .     Faith    .   (no shield)
rPois    +         Spirit   .   (no helmet)
rElec    .         Reflect  +   v - scarf {rC+}
rCorr    .         Harm     .   (no gloves)
MR       .....                  (no barding)
Stlth    ++........             x - +3 amulet of reflection
Regen    0.2/turn               t - ring of magical power
MPRegen  0.2/turn               r - ring of stealth

@: confused, mighty, lethally poisoned (0 -> -5), flying, very slow
A: see invisible, deformed body, poison resistance, slowness 2, slow metabolism
1, spit poison 1, AC +2
a: Spit Poison, Berserk, Trog's Hand, Burn Spellbooks, Renounce Religion


You were on level 4 of the Dungeon.
You worshipped Trog.
Trog was pleased with you.
You were not hungry.

You visited 1 branch of the dungeon, and saw 4 of its levels.

You collected 180 gold pieces.

Inventory:

Hand Weapons
 a - a +0 hand axe (weapon)
Armour
 v - a scarf of cold resistance (worn)
 z - a +1 robe of cold resistance (worn)
Jewellery
 r - a ring of stealth (left hand)
 t - a ring of magical power (right hand)
 x - a +3 amulet of reflection (around neck)
Wands
 l - a wand of iceblast (9/15)
Scrolls
 d - 2 scrolls of remove curse {unknown}
 g - a scroll of enchant armour {unknown}
 k - 5 scrolls of identify
 p - 3 scrolls of fear {unknown}
 q - 2 scrolls of teleportation {unknown}
 u - a scroll of magic mapping {unknown}
 y - a scroll of random uselessness {unknown}
Potions
 e - a potion of magic {unknown}
 h - a potion of heal wounds {unknown}
 i - a potion of cancellation {unknown}
 j - a potion of flight
 n - a potion of brilliance {unknown}
 o - a potion of degeneration {unknown}
 s - a potion of haste {unknown}
 w - a potion of resistance {unknown}
 A - a potion of might
 B - a potion of ambrosia
 C - a potion of lignification {unknown}
Comestibles
 b - 3 chunks of flesh
 c - 5 bread rations
 f - a meat ration
 m - 3 fruits


   Skills:
 - Level 3.0 Fighting
 + Level 6.8 Axes
 - Level 1.5 Armour
 - Level 1.5 Dodging


You had 5 spell levels left.
You didn't know any spells.

Dungeon Overview and Level Annotations

Branches:
Dungeon (4/15)
 Temple: D:4-7

Altars:
Qazlal
Vehumet


Innate Abilities, Weirdness & Mutations

You cannot wear boots.
Your serpentine skin is tough. (AC +2)
You have supernaturally acute eyesight. (SInv)
Armour fits poorly on your strangely shaped body.
Your system is resistant to poisons. (rPois)
You cover ground very slowly.
You have a slow metabolism.
You can spit poison.


Message History

The worker ant bites you.
* * * LOW HITPOINT WARNING * * *
It was a potion of flight.
You feel very buoyant.
You fly up into the air.
The worker ant bites you.
* * * LOW HITPOINT WARNING * * *
A worker ant comes into view.
It was a potion of might.
You feel very mighty all of a sudden.
* * * LOW HITPOINT WARNING * * *
You feel sick. The quokka bites you.
* * * LOW HITPOINT WARNING * * *
The worker ant bites you but does no damage.
The quokka closely misses you.
It was a potion of ambrosia.
You are confused.
You feel invigorated.
* * * LOW HITPOINT WARNING * * *
You feel sick. The worker ant bites you.
You die...

..# ..# #.... #.#
#...# # #.# #...#
#####.#.# #...#
......#.#####a..##
......ra.........
#@######.#.#######
#.......###.......
########.#.#####.#
##.## #.. #.# ##.
#.# #. ..# #. ####
#. #.


You could see 2 worker ants and a quokka.

Vanquished Creatures
  A sky beast (D:4)
  A howler monkey (D:4)
  A worker ant (D:4)
  4 adders
  3 worms
  A dart slug (D:3)
  4 leopard geckos
  3 orcs (D:3)
  6 bats
  3 giant cockroaches (D:1)
  8 goblins
  10 hobgoblins
  4 jackals (D:2)
  7 kobolds
  A quokka (D:3)
  4 frilled lizards
  8 rats
69 creatures vanquished.

Notes
Turn   | Place    | Note
-------+----------+-------------------------------------------
     0 | D:1      | Laan the Naga Berserker began the quest for the Orb.
     0 | D:1      | Reached XP level 1. HP: 21/21 MP: 1/1
   450 | D:1      | Reached XP level 2. HP: 25/28 MP: 2/2
   572 | D:1      | Reached skill level 4 in Axes
   793 | D:1      | Reached XP level 3. HP: 27/34 MP: 3/3
  1221 | D:1      | Reached ** piety under Trog
  1319 | D:2      | Reached XP level 4. HP: 25/42 MP: 4/4
  1766 | D:2      | Reached skill level 5 in Axes
  1920 | D:3      | Found a stormy altar of Qazlal.
  2102 | D:3      | Found a radiant altar of Vehumet.
  2443 | D:3      | Reached XP level 5. HP: 46/49 MP: 5/5
  2802 | D:4      | Noticed a sky beast
  2816 | D:4      | Killed a sky beast
  2816 | D:4      | Reached skill level 6 in Axes
  2943 | D:4      | Reached XP level 6. HP: 25/56 MP: 6/6
  3130 | D:4      | HP: 1/56 [quokka (3)]
  3131 | D:4      | Slain by a worker ant

Vault maps used:
D:1:      lightli_arrival_lavapool
D:2:      first_bread
D:3:      vehumet_crystals, nicolae_qazlal_general_emergency
D:4:      minmay_temple_entry_trees, serial_shops, shop_statue,
          nicolae_shop_behind_doors, shop, nicolae_shop_waterfront,
          grunt_decor_fettered, feat_on_display

Skill      XL: |  1  2  3  4  5 |
---------------+----------------+-----
Axes           | 4 5 6 |  6.8
Fighting       | |  3.0
Armour         | |  1.5
Dodging        | |  1.5

Action                   |  1- 3 |  4- 6 || total
-------------------------+-------+-------++-------
Melee: Hand axe          |    91 |   144 ||   235
  Use: Scroll            |       |     1 ||     1
       Potion            |       |     3 ||     3
 Stab: Sleeping          |     2 |     3 ||     5
  Eat: Chunk             |     1 |     4 ||     5
Armor: Animal skin       |    15 |     8 ||    23
       Robe              |       |    25 ||    25
Dodge: Dodged            |    64 |    79 ||   143
Block: Other             |       |     6 ||     6
